 Dungeon Crawl Stone Soup version 0.29.1-15-g9cfb28693d (webtiles) character file.

Game seed: 12844258334649561196

11 leafyfresh the Sneak (level 2, -1/21 HPs)
             Began as an Octopode Delver on Mar 4, 2023.
             Slain by an orc
             ... wielding a +0 morningstar
              (6 damage)
             ... on level 5 of the Dungeon.
             The game lasted 00:00:13 (345 turns).

leafyfresh the Sneak (Octopode Delver)               Turns: 345, Time: 00:00:14

Health: -1/21      AC:  1    Str: 11    XL:     2   Next: 25%
Magic:  2/2        EV: 13    Int: 12    God:
Gold:   10         SH:  0    Dex: 13    Spells: 1/1 levels left

rFire   . . .      SeeInvis .   a - +0 short sword
rCold   . . .      Faith    .   (no shield)
rNeg    . . .      Spirit   .   (helmet restricted)
rPois   .          Reflect  .   (no amulet)
rElec   .          Harm     .   (no ring)
rCorr   .          Rampage  .   (no ring)
Will    .....                   (no ring)
Stlth   ++++......              (no ring)
HPRegen 0.07/turn               (no ring)
MPRegen 0.08/turn               (no ring)
                                (no ring)
                                (no ring)

@: no status effects
A: almost no armour, amphibious, 8 rings, camouflage 1, gelatinous body 1,
(nimble swimmer 1), tentacles
a: no special abilities


You were on level 5 of the Dungeon.
You visited 1 branch of the dungeon, and saw 1 of its levels.

You collected 10 gold pieces.

Inventory:

Hand Weapons
 a - a +0 short sword (weapon)
Wands
 f - a wand of digging (3)
Scrolls
 b - a scroll of fog
 c - a scroll of magic mapping
 d - a scroll of fear
Potions
 e - a potion of haste


   Skills:
 + Level 3.2 Fighting
 - Level 2.0 Short Blades
 + Level 2.3 Dodging
 + Level 6.8 Stealth


You had one spell level left.
You didn't know any spells.
Your spell library was empty.

Dungeon Overview and Level Annotations

Branches:
Dungeon (5/15)
 Temple: D:4-7

Altars:


Innate Abilities, Weirdness & Mutations

You cannot wear most types of armour.
You are amphibious.
You can wear up to eight rings at the same time.
Your skin changes colour to match your surroundings (Stealth+).
Your rubbery body absorbs attacks. (AC +1, EV +1)
((You are camouflaged when in or above water. (Stealth+)))
You have tentacles for arms and can constrict up to eight enemies at once.


Message History

The ufetubus misses you. The ufetubus hits you.
You hit the ufetubus.
The ufetubus is severely wounded.
You constrict the ufetubus. The ufetubus barely misses you.
The ufetubus closely misses you.
You hit the ufetubus.
You kill the ufetubus!
You start resting.
HP restored.
You start waiting.
Done waiting.
You start waiting.
An ufetubus comes into view.
An ufetubus is nearby!
An ufetubus and an orc come into view.
The ufetubus shouts!
The orc shouts!
You hit the ufetubus. You grab the ufetubus.
The ufetubus is moderately wounded.
You constrict the ufetubus, but do no damage.
You hear a shout! x2
The ufetubus barely misses you. x2; The orc throws a boomerang.
The boomerang barely misses you.
You hit the ufetubus.
The ufetubus is severely wounded.
You constrict the ufetubus, but do no damage.
The ufetubus hits you. The ufetubus closely misses you. x2
The ufetubus hits you.
You hit the ufetubus.
You kill the ufetubus!
You have reached level 2!
An ufetubus comes into view. x2
The orc hits you with a +0 morningstar!
* * * LOW HITPOINT WARNING * * *
The ufetubus moves out of view.
You hit the orc but do no damage. You grab the orc. You tentacle-slap the orc.
You squeeze the orc, but do no damage.
The orc is moderately wounded.
You constrict the orc, but do no damage.
The orc hits you with a +0 morningstar.
You die...

#.#.# #.#.. #.#.#
#.#.# #.#.# ###
#####.#.####...#
##>..........$#.#
#.......o5.##...#
##..####@#.##>.##
#..# #.........#
#..# #...[........
#... #.##.......<.
##.#.#.##......##.
#.#<#.##..^..P..
.# #....###.≈≈..
####.# .≈≈.. ....


PP.P. You could see an orc and an ufetubus.

Vanquished Creatures
  2 ufetubi (D:5)
2 creatures vanquished.

Vanquished Creatures (others)
  2 demonic plants (D:5)
2 creatures vanquished.

Grand Total: 4 creatures vanquished

Notes
Turn   | Place    | Note
-------+----------+-------------------------------------------
     0 | D:5      | leafyfresh the Octopode Delver began the quest for the Orb.
     0 | D:5      | Reached XP level 1. HP: 16/16 MP: 1/1
   344 | D:5      | Reached XP level 2. HP: 12/21 MP: 2/2
   345 | D:5      | Slain by an orc

Illustrated notes

Levels and vault maps discovered:
D:5:      layout_loops_ring, trog_ov_bears_minmay,
          minmay_temple_entry_sparse_star, serial_demonic, serial_demonic_b,
          serial_demonic_e, serial_demonic_d, serial_demonic_g, uniq_duvessa

Action                   || total
-------------------------++-------
Melee: Short sword       ||     8
       Constrict         ||     3
       Punch             ||     1
       Tentacles         ||     1
Dodge: Dodged            ||    11
